 Dungeon Crawl Stone Soup version 0.30.0-19-g36f170ea60 (webtiles) character file.

Game seed: 15122821832273234078

37 EC1 the Caller (level 3, -1/19 HPs)
             Began as a Deep Elf Summoner on June 1, 2023.
             Slain by Robin
             ... wielding a +0 falchion
              (8 damage)
             ... on level 2 of the Dungeon.
             The game lasted 00:03:34 (1536 turns).

EC1 the Caller (Deep Elf Summoner)                  Turns: 1536, Time: 00:03:35

Health: -1/19      AC:  2    Str:  3 (5)  XL:     3   Next: 21%
Magic:  8/9        EV: 12    Int: 20 (21) God:
Gold:   23         SH:  0    Dex: 13 (15) Spells: 8/9 levels left

rFire   . . .        c - +1 rapier (drain)
rCold   . . .        (no shield)
rNeg    . . .        a - +0 robe
rPois   .            (no helmet)
rElec   .            h - +0 cloak
rCorr   .            (no gloves)
SInv    .            (no boots)
Will    .....        (no amulet)
Stlth   ++           (no ring)
HPRegen 0.23/turn    (no ring)
MPRegen 0.11/turn

%: no passive effects
@: no status effects
A: deformed body, low MP 1
a: no special abilities


You were on level 2 of the Dungeon.
You visited 1 branch of the dungeon, and saw 2 of its levels.

You collected 23 gold pieces.

Inventory:

Hand Weapons
 c - a +1 rapier of draining (weapon)
Armour
 a - a +0 robe (worn)
 d - a +2 helmet
 h - a +0 cloak (worn)
Scrolls
 e - a scroll of teleportation
 g - a scroll of identify
 i - 2 scrolls of noise
Potions
 b - a potion of magic


   Skills:
 + Level 0.1 Fighting
 + Level 0.4 Short Blades
 + Level 2.6 Dodging
 + Level 2.5 Stealth
 + Level 3.7 Spellcasting
 + Level 5.0 Summonings


You had 8 spell levels left.
You knew the following spells:

 Your Spells              Type           Power      Damage    Failure   Level
a - Summon Small Mammal   Summ           92%        N/A       1%          1

Your spell library contained the following spells:

 Spells                   Type           Power      Damage    Failure   Level
 Call Imp                 Summ           46%        N/A       2%          2
 Call Canine Familiar     Summ           23%        N/A       4%          3
 Summon Guardian Golem    Hex/Summ       13%        N/A       14%         3
 Summon Lightning Spire   Summ/Air       13%        N/A       43%         4


Dungeon Overview and Level Annotations

Branches:
Dungeon (2/15)

Altars:

Annotations:
D:2 Robin


Innate Abilities, Weirdness & Mutations

Armour fits poorly on your strangely shaped body.
Your magical capacity is low. (-10% MP)


Message History

Your bat barely misses the hobgoblin.
Your bat hits the hobgoblin. The hobgoblin barely misses your bat.
The hobgoblin no longer looks unusually strong.
Robin roars a battlecry!
The hobgoblin goes into a battle-frenzy!
The hobgoblin closely misses you.
You closely miss the hobgoblin.
The hobgoblin is almost dead.
The hobgoblin completely misses you.
You swap places.
Your bat barely misses the hobgoblin.
Casting: Summon Small Mammal (safe; 1% risk of failure)
Confirm with . or Enter, or press ? or * to list all spells.
Your bat hits the hobgoblin but does no damage.
The hobgoblin barely misses you.
Your bat hits the hobgoblin but does no damage.
The hobgoblin barely misses you.
You swap places.
Your bat hits the hobgoblin.
The hobgoblin dies!
Something hits your bat but does no damage.
A goblin comes into view. It is wielding a +0 club.
You swap places.
Your bat barely misses the hobgoblin.
You swap places.
The goblin shouts!
Your bat hits the hobgoblin. x2
The hobgoblin dies!
You hit the goblin.
You kill the goblin!
Your bat barely misses Robin.
Your bat hits Robin. Your bat hits Robin but does no damage.
Your bat closely misses Robin.
Robin closely misses your bat.
Your bat hits Robin but does no damage.
Your bat hits Robin but does no damage. x2
Things that are here:
a +0 club; a goblin corpse Your bat hits Robin but does no damage.
Your bat barely misses Robin.
Robin closely misses you.
Your bat hits Robin but does no damage. You barely miss Robin.
Robin is lightly wounded.
Your bat closely misses Robin.
Robin hits you with a +0 falchion!
Your bat hits Robin but does no damage. Robin hits you with a +0 falchion!
You die...

#............#..####.#
##..##########..# #.#
##.## #..# #.# ##.#
#..# #.# ##.# #..# #.#
##.# ###†.####.# #.
##.........#
#.....####.#####
.......#b@gb......#
####.#.#)###.####.#
#.#.#.# #.# #.# #
#.#.# #g# #.# #...#
#.## #<# .##.# #))#
#.# . #.# ##)# #.# #.#
#.# #.# #.# #.# #.#


You could see Robin (ally target) and 2 friendly bats.

Vanquished Creatures
  2 endoplasms (D:1)
  3 giant cockroaches
  4 goblins
  2 hobgoblins (D:1)
  2 quokkas
  A ball python (D:2)
  3 bats
  A frilled lizard (D:2)
  2 kobolds (D:1)
  A rat (D:1)
21 creatures vanquished.

Vanquished Creatures (collateral kills)
  3 endoplasms
  A giant cockroach (D:1)
  2 goblins
  2 hobgoblins (D:2)
  A bat (D:1)
  A rat (D:1)
10 creatures vanquished.

Grand Total: 31 creatures vanquished

Notes
Turn   | Place    | Note
-------+----------+-------------------------------------------
     0 | D:1      | EC1 the Deep Elf Summoner began the quest for the Orb.
     0 | D:1      | Reached XP level 1. HP: 10/10 MP: 6/6
   619 | D:1      | Reached XP level 2. HP: 7/15 MP: 5/8
  1030 | D:1      | Gained mutation: You have a pair of small antennae on your
                  | head. [potion of mutation]
  1030 | D:1      | Gained mutation: You are weak. (Str -2) [potion of
                  | mutation]
  1030 | D:1      | Gained mutation: You are somewhat resistant to further
                  | mutation. [potion of mutation]
  1418 | D:2      | Reached skill level 5 in Summonings
  1448 | D:2      | Reached XP level 3. HP: 19/19 MP: 8/10
  1467 | D:2      | Lost mutation: You are somewhat resistant to further
                  | mutation. [potion of mutation]
  1467 | D:2      | Lost mutation: You have a pair of small antennae on your
                  | head. [potion of mutation]
  1467 | D:2      | Lost mutation: You are weak. (Str -2) [potion of mutation]
  1467 | D:2      | Gained mutation: Armour fits poorly on your strangely
                  | shaped body. [potion of mutation]
  1467 | D:2      | Gained mutation: Your magical capacity is low. (-10% MP)
                  | [potion of mutation]
  1489 | D:2      | Noticed Robin
  1536 | D:2      | Slain by Robin

Illustrated notes

Levels and vault maps discovered:
D:1:      tarquinn_simple_flora_water_a, layout_loops_corners
D:2:      layout_loops_ring, uniq_robin, uniq_crazy_yiuf_cottage

Skill      XL: |  1  2 |
---------------+-------+-----
Summonings     | 5 |  5.0
Fighting       | |  0.1
Short Blades   | |  0.4
Dodging        | |  2.6
Stealth        | |  2.5
Spellcasting   | |  3.7

Action                     || total
---------------------------++-------
  Melee: Rapier            ||    46
   Cast: Summon Small Mamm ||    26
    Use: Scroll            ||     4
         Potion            ||     4
   Stab: Sleeping          ||     3
 Armour: Robe              ||    19
  Dodge: Dodged            ||    34
